[Event "Early-Titled-Tuesday-Blitz-February-27-2024"]
[Site "Chess.com"]
[Date "2024.02.27"]
[Round "2"]
[White "UnTucopalaTimba"]
[Black "ploxoi"]
[Result "0-1"]
[WhiteElo "1973"]
[BlackElo "2448"]
[TimeControl "180+1"]
[EndTime "8:14:36 PST"]
[Termination "ploxoi won by resignation"]

1. e4 e6 2. d4 d5 3. exd5 exd5 4. Bd3 Bd6 5. Ne2 Ne7 6. Bf4 Nbc6 7. c3 Bf5 8. O-O Qd7 9. Qd2 O-O 10. Bxd6 Qxd6 11.
Ng3 Bxd3 12. Qxd3 Rae8 13. Nd2 f5 14. f4 Ng6 15. Nxf5 Qd7 16. g4 Nce7 17. Nxe7+ Qxe7 18. Rae1 Qxe1 19. Rxe1 Rxe1+ 20. Kf2 Nxf4 21. Qb5 Re2+ 22. Qxe2 Nxe2+ 23. Kxe2 Rf4 24. h3 h5 25. Ke3 g5 26.
gxh5 Rh4 27. Nf3 Rxh3 28. Kf2 g4 29. Ne5 Rh2+ 30. Kg3 Rxb2 31. Kxg4 Rxa2 32. Kg5 Kh7 33. Ng4 Rg2 34. Kf5 Rxg4 35. Kxg4 a5 0-1

[Event "Early-Titled-Tuesday-Blitz-February-27-2024"]
[Site "Chess.com"]
[Date "2024.02.27"]
[Round "2"]
[White "FernandoArauzAlonso"]
[Black "nihalsarin"]
[Result "0-1"]
[WhiteElo "2660"]
[BlackElo "3203"]
[TimeControl "180+1"]
[EndTime "8:14:38 PST"]
[Termination "nihalsarin won on time"]

1. Nf3 Nf6 2. g3 b6 3. Bg2 Bb7 4. O-O g6 5. d3 Bg7 6. Nbd2 d5 7. e4 dxe4 8. Ng5 O-O 9. Ngxe4 Nxe4 10. Nxe4 Qc8 11.
Qe2 c5 12. Bg5 Nc6 13. c3 Qd7 14. Rad1 Rad8 15. Rd2 f5 16. Rfd1 fxe4 17. dxe4 Qe6 18. f3 Rxd2 19. Rxd2 Qxa2 20. Bh3 Bc8 21. Bxc8 Rxc8 22.
Qb5 Ne5 23. Kg2 Qc4 24. Qxc4+ Nxc4 25. Rd7 Nxb2 0-1

[Event "Early-Titled-Tuesday-Blitz-February-27-2024"]
[Site "Chess.com"]
[Date "2024.02.27"]
[Round "2"]
[White "Chess_Gainz"]
[Black "ClauSanLuis"]
[Result "1-0"]
[WhiteElo "2552"]
[BlackElo "2288"]
[TimeControl "180+1"]
[EndTime "8:14:38 PST"]
[Termination "Chess_Gainz won by resignation"]

1. e4 c5 2. Nf3 Nc6 3. d4 cxd4 4. Nxd4 e5 5. Nb5 d6 6. N1c3 a6 7. Na3 b5 8. Nd5 Nge7 9. c4 Nd4 10. Bd3 Nxd5 11.
cxd5 Be7 12. O-O Bg5 13. Nc2 Nxc2 14. Qxc2 O-O 15. Qc6 Ra7 16. Bxg5 Qxg5 17. Rfd1 Bg4 18. Re1 Bf3 19. Bf1 f5 20. exf5 Raf7 21. Kh1 e4 22. gxf3 exf3 23. Re8 Qxf5 24. Rae1 h6 25. Qxd6 Kh7 26.
Rxf8 Rxf8 27. Qe6 Qc2 28. Qe4+ Qxe4 29. Rxe4 1-0

[Event "Early-Titled-Tuesday-Blitz-February-27-2024"]
[Site "Chess.com"]
[Date "2024.02.27"]
[Round "2"]
[White "phantom19801127"]
[Black "MergenKakabaev"]
[Result "1-0"]
[WhiteElo "2528"]
[BlackElo "2732"]
[TimeControl "180+1"]
[EndTime "8:14:40 PST"]
[Termination "phantom19801127 won by resignation"]

1. d4 d5 2. Nf3 Nf6 3. c4 c6 4. Nc3 e6 5. Bg5 dxc4 6. e4 b5 7. e5 h6 8. Bh4 g5 9. Nxg5 hxg5 10. Bxg5 Nbd7 11. g3 Rg8 12. h4 Rxg5 13. hxg5 Nd5 14. g6 fxg6 15. Qg4 Qe7 16. Bg2 Kd8 17. Qxg6 Rb8 18. Rh7 Qb4 19. Bxd5 exd5 20. O-O-O Be7 21. Qxc6 Rb6 22. Qxd5 Bb7 23. Qg8+ Kc7 24. d5 Nxe5 25. Qe8 Nd3+ 26. Rxd3 cxd3 27. Rxe7+ Kd6 28. Rd7+ Kc5 29.
Qe3+ Qd4 30. Ne4+ Kc4 31. b3+ 1-0

[Event "Early-Titled-Tuesday-Blitz-February-27-2024"]
[Site "Chess.com"]
[Date "2024.02.27"]
[Round "2"]
[White "Kirill_Klukin"]
[Black "Truequitos"]
[Result "1-0"]
[WhiteElo "2856"]
[BlackElo "2585"]
[TimeControl "180+1"]
[EndTime "8:14:44 PST"]
[Termination "Kirill_Klukin won by resignation"]

1. f4 d5 2. Nf3 Nf6 3. g3 c6 4.
Bg2 g6 5. O-O Bg7 6. d3 O-O 7.
Nc3 b6 8. e4 dxe4 9. dxe4 Qxd1 10. Rxd1 Nfd7 11. e5 Bb7 12. e6 fxe6 13. Ng5 Nc5 14.
Be3 Nba6 15. Nce4 Nxe4 16. Bxe4 Rfd8 17. Nxe6 Rd6 18. Nxg7 Kxg7 19. Bd4+ Kf7 20. Be5 Rdd8 21. c3 Nc5 22. Bc2 Nd7 23. Bc7 Ke8 24. Bxd8 Rxd8 25. Bb3 Rb8 26. Bf7+ Kxf7 27. Rxd7 c5 28. Re1 1-0

[Event "Early-Titled-Tuesday-Blitz-February-27-2024"]
[Site "Chess.com"]
[Date "2024.02.27"]
[Round "2"]
[White "Flawless_Fighter"]
[Black "N4700000"]
[Result "1-0"]
[WhiteElo "2734"]
[BlackElo "2464"]
[TimeControl "180+1"]
[EndTime "8:14:44 PST"]
[Termination "Flawless_Fighter won by resignation"]

1. e4 c5 2. Nf3 d6 3. Bb5+ Bd7 4.
Bxd7+ Qxd7 5. O-O Nc6 6. c3 Nf6 7. Re1 e6 8. d4 cxd4 9. cxd4 d5 10. e5 Ne4 11. a3 Be7 12. Nbd2 Nxd2 13. Bxd2 O-O 14.
Re3 f5 15. exf6 Bxf6 16. Bc3 Rae8 17. Qe2 Bd8 18. Re1 Rf6 19. Ng5 e5 20. dxe5 Rg6 21.
e6 Qd6 22. Nf7 Qf4 23. g3 d4 24. Re4 Qf6 25. Nxd8 dxc3 26. Nxc6 bxc6 27. bxc3 Qxc3 28. e7 Qxa3 29. Qc4+ 1-0

[Event "Early-Titled-Tuesday-Blitz-February-27-2024"]
[Site "Chess.com"]
[Date "2024.02.27"]
[Round "2"]
[White "As0nchess"]
[Black "Knightmare1014"]
[Result "1-0"]
[WhiteElo "2536"]
[BlackElo "2300"]
[TimeControl "180+1"]
[EndTime "8:14:46 PST"]
[Termination "As0nchess won by resignation"]

1. e4 c5 2. Nf3 e6 3. d4 cxd4 4. Nxd4 a6 5. c4 Nf6 6. Nc3 Bb4 7. Qd3 d5 8. exd5 exd5 9. Be2 O-O 10. O-O Nc6 11.
Nxc6 bxc6 12. cxd5 cxd5 13. Be3 Bb7 14. Bd4 a5 15. Rfd1 Ba6 16. Qd2 Ne4 17. Qe3 Re8 18. Bxa6 Nxc3 19. Qg3 Ne2+ 20. Bxe2 f6 21. Bf3 Rc8 22.
h4 Kh8 23. h5 h6 24. Qg6 Re7 25. a3 Bd6 26. Rac1 Rxc1 27. Rxc1 Rc7 28. Rxc7 Qxc7 29. g3 Qd7 30. Kg2 Bc7 31. Bg4 Qd8 32. Bf5 Qg8 33. Bxf6 gxf6 34. Qxh6+ 1-0

[Event "Early-Titled-Tuesday-Blitz-February-27-2024"]
[Site "Chess.com"]
[Date "2024.02.27"]
[Round "2"]
[White "Alblooshi_Hamad"]
[Black "KingCrusher275"]
[Result "0-1"]
[WhiteElo "2166"]
[BlackElo "2484"]
[TimeControl "180+1"]
[EndTime "8:14:46 PST"]
[Termination "KingCrusher275 won by resignation"]

1. d4 Nf6 2. c4 e6 3. Nc3 Bb4 4. Qc2 O-O 5. e4 d5 6. e5 Ne4 7. Bd3 c5 8. Ne2 cxd4 9. Nxd4 Nd7 10. Bf4 Qh4 11. g3 Qh5 12. h4 Nxe5 13. Be2 Ng4 14. f3 e5 15. fxg4 Bxg4 16. Bxg4 Qxg4 17. Bxe5 Rfe8 18.
Qe2 Bxc3+ 19. bxc3 Qxe2+ 20. Nxe2 Rxe5 21. O-O-O Nf2 22. Nf4 Nxh1 23. Rxh1 dxc4 24. Rd1 h6 25. Rd7 Re3 26. Nd5 Rd3 27. Kc2 Re8 0-1

[Event "Early-Titled-Tuesday-Blitz-February-27-2024"]
[Site "Chess.com"]
[Date "2024.02.27"]
[Round "2"]
[White "szachmistrz2500"]
[Black "FREDERICKtheMATE"]
[Result "1/2-1/2"]
[WhiteElo "2405"]
[BlackElo "2666"]
[TimeControl "180+1"]
[EndTime "8:14:50 PST"]
[Termination "Game drawn by repetition"]

1. d4 Nf6 2. c4 e6 3. Nf3 d5 4. Nc3 c6 5. cxd5 exd5 6. Bg5 Bf5 7. Qb3 Qb6 8. Bxf6 gxf6 9. e3 Nd7 10. Qxb6 axb6 11.
Kd2 b5 12. Bd3 Bg6 13. a3 Nb6 14. Nh4 Nc4+ 15. Bxc4 bxc4 16. Nxg6 fxg6 17. e4 dxe4 18. Nxe4 f5 19. Ng5 O-O-O 20. Ne6 Rd6 21. Nxf8 Rxf8 22. Kc3 b5 23. Rad1 Re8 24. Rhe1 Rde6 25. Rxe6 Rxe6 26.
d5 Re2 27. dxc6 Rxf2 28. Rd5 Kc7 29. Rxb5 Kxc6 30. Rb4 Rxg2 31. Rxc4+ Kd5 32. h4 Rg3+ 33. Kb4 Rg4 34. b3 Rxc4+ 35. bxc4+ Kc6 36. a4 f4 37. Kc3 h6 38. Kd3 g5 39. hxg5 hxg5 40. Ke4 Kc5 41. a5 Kc6 42. Kf3 Kc5 43. Ke4 Kc6 44. Kf3 Kc5 45. Ke4 1/2-1/2

[Event "Early-Titled-Tuesday-Blitz-February-27-2024"]
[Site "Chess.com"]
[Date "2024.02.27"]
[Round "2"]
[White "DishonorOnYourCow"]
[Black "Hovik_Hayrapetyan"]
[Result "0-1"]
[WhiteElo "2599"]
[BlackElo "2895"]
[TimeControl "180+1"]
[EndTime "8:14:54 PST"]
[Termination "Hovik_Hayrapetyan won by resignation"]

1. d4 Nf6 2. c4 e6 3. Nf3 d5 4. Nc3 Bb4 5. Bg5 h6 6. Bxf6 Qxf6 7. Qa4+ Nc6 8. e3 O-O 9. Be2 Bd7 10. Qb3 dxc4 11. Qxc4 Bd6 12. O-O Qg6 13. e4 e5 14.
d5 Ne7 15. Bd3 a6 16. Ne2 Bb5 17. Qc2 Nxd5 18. Bxb5 axb5 19. Qb3 Qxe4 20. Qxb5 c6 21. Qxb7 Qxe2 22. Qxc6 e4 23. Qxd6 Rad8 24. Qe5 exf3 0-1

[Event "Early-Titled-Tuesday-Blitz-February-27-2024"]
[Site "Chess.com"]
[Date "2024.02.27"]
[Round "2"]
[White "gpsji27"]
[Black "SergioMoralesG"]
[Result "1-0"]
[WhiteElo "2355"]
[BlackElo "2539"]
[TimeControl "180+1"]
[EndTime "8:14:56 PST"]
[Termination "gpsji27 won by resignation"]

1. d4 d5 2. Nf3 Nf6 3. Bg5 Nbd7 4. Nbd2 h6 5. Bh4 c5 6. e3 e6 7. c3 Be7 8. Bd3 O-O 9. O-O b6 10. Re1 Bb7 11. Ne5 Nxe5 12. dxe5 Nd7 13. Bxe7 Qxe7 14. f4 f6 15. exf6 Qxf6 16. Nf3 e5 17. fxe5 Nxe5 18.
Nxe5 Qxe5 19. Qc2 Rae8 20. Rad1 Rf6 21. c4 d4 22. e4 Ref8 23. Rf1 Rxf1+ 24. Rxf1 Rxf1+ 25. Kxf1 Qxh2 26. Qf2 Qe5 27. Qf3 Bc8 28. Kg1 Be6 29.
b3 Qg5 30. Qf2 Qf6 31. Qg3 Bf7 32. Qb8+ Kh7 33. e5+ Qg6 34. Bxg6+ Bxg6 35. e6 1-0

[Event "Early-Titled-Tuesday-Blitz-February-27-2024"]
[Site "Chess.com"]
[Date "2024.02.27"]
[Round "2"]
[White "Charodej1"]
[Black "chesstrainer2042"]
[Result "0-1"]
[WhiteElo "2305"]
[BlackElo "2535"]
[TimeControl "180+1"]
[EndTime "8:14:56 PST"]
[Termination "chesstrainer2042 won by resignation"]

1. e4 e5 2. Nf3 Nc6 3. Bb5 a6 4. Ba4 Nf6 5. O-O b5 6. Bb3 Bb7 7. d3 Bc5 8. a4 d6 9. Bg5 h6 10. Be3 O-O 11. Nbd2 Nd7 12. c3 Ne7 13. d4 Bb6 14.
Qe2 c6 15. Rfd1 Ng6 16. c4 b4 17. Rac1 c5 18. d5 Nf6 19. Bc2 Bc8 20. Nf1 Nh5 21. Ng3 Nhf4 22. Qd2 Qf6 23. Bd3 Bg4 24. Be2 Nxe2+ 25. Qxe2 Nh4 0-1

[Event "Early-Titled-Tuesday-Blitz-February-27-2024"]
[Site "Chess.com"]
[Date "2024.02.27"]
[Round "2"]
[White "Fjal"]
[Black "Marcin"]
[Result "1-0"]
[WhiteElo "2249"]
[BlackElo "2485"]
[TimeControl "180+1"]
[EndTime "8:14:57 PST"]
[Termination "Fjal won by resignation"]

1. Nf3 d5 2. g3 Nf6 3. Bg2 c5 4. O-O e6 5. d3 Be7 6. Nbd2 O-O 7.
e4 b6 8. e5 Nfd7 9. Re1 Nc6 10. Nf1 Qc7 11. Bf4 h6 12. h4 a5 13. N1h2 a4 14. a3 Re8 15. c3 b5 16. Qd2 Bf8 17. Ng4 b4 18. Bxh6 gxh6 19. Nxh6+ Bxh6 20. Qxh6 Nf8 21. Nh2 Nxe5 22. Rxe5 Qxe5 23. Ng4 Qg7 24. Nf6+ Qxf6 25.
Qxf6 bxc3 26. bxc3 Ba6 27. h5 Nh7 28. Qf3 f5 29. Re1 Rab8 30. g4 fxg4 31. Qxg4+ Kh8 32. d4 cxd4 33. Qxd4+ Kg8 34. Qg4+ Kh8 35. Rxe6 Bc4 36. Rxe8+ Rxe8 37. h6 1-0

[Event "Early-Titled-Tuesday-Blitz-February-27-2024"]
[Site "Chess.com"]
[Date "2024.02.27"]
[Round "2"]
[White "Ticoluis"]
[Black "dianamirza"]
[Result "1-0"]
[WhiteElo "2454"]
[BlackElo "1998"]
[TimeControl "180+1"]
[EndTime "8:14:57 PST"]
[Termination "Ticoluis won by checkmate"]

1. e4 d5 2. exd5 Qxd5 3. Nc3 Qd8 4. d4 Nf6 5. Nf3 g6 6. Bd3 Bg7 7. h4 O-O 8. h5 Nc6 9. hxg6 fxg6 10. Bg5 Bg4 11.
Ne2 Bxf3 12. gxf3 Nxd4 13. Bc4+ Kh8 14. Qxd4 Qc8 15. Qh4 Nh5 16. Ng3 h6 17. Nxh5 hxg5 18. Qxg5 Bc3+ 19. bxc3 Rf5 20. Qh6# 1-0

[Event "Early-Titled-Tuesday-Blitz-February-27-2024"]
[Site "Chess.com"]
[Date "2024.02.27"]
[Round "2"]
[White "Klavdia_Nik"]
[Black "LyonBeast"]
[Result "0-1"]
[WhiteElo "2134"]
[BlackElo "3138"]
[TimeControl "180+1"]
[EndTime "8:15:04 PST"]
[Termination "LyonBeast won by resignation"]

1. Nf3 f5 2. c4 Nf6 3. b3 g6 4.
Bb2 Bg7 5. g3 O-O 6. Bg2 d6 7.
d4 c6 8. O-O Nbd7 9. d5 cxd5 10. cxd5 Nc5 11. Nbd2 Bd7 12. Nd4 Rc8 13. Rc1 Qb6 14.
Nc4 Qa6 15. a3 Nce4 16. f3 Nc5 17. Re1 Nxd5 18. Nxf5 Rxf5 19. Bxg7 Kxg7 20. e4 Rf7 21. exd5 Kg8 22. Qd4 Nxb3 23. Qh4 Nxc1 0-1

[Event "Early-Titled-Tuesday-Blitz-February-27-2024"]
[Site "Chess.com"]
[Date "2024.02.27"]
[Round "2"]
[White "EsmeraldasAnderson03"]
[Black "campochess"]
[Result "1-0"]
[WhiteElo "2486"]
[BlackElo "2177"]
[TimeControl "180+1"]
[EndTime "8:15:08 PST"]
[Termination "EsmeraldasAnderson03 won by resignation"]

1. d4 Nf6 2. c4 e6 3. Nc3 Bb4 4. f3 Bxc3+ 5. bxc3 d5 6. cxd5 Nxd5 7. Bd2 Ne7 8. e4 c5 9. Be3 cxd4 10. cxd4 Nd7 11. Bc4 Nf6 12. Ne2 Bd7 13. O-O Rc8 14. Rc1 O-O 15. Qd2 a6 16. Bb3 Bb5 17. Rfd1 Bxe2 18.
Qxe2 Qa5 19. Qd2 Qxd2 20. Bxd2 Rfd8 21. Rxc8 Nxc8 22. Ba5 Rd7 23. d5 exd5 24. exd5 Ne7 25. d6 Nc6 26. Bb6 h5 27. Ba4 Ne8 28. Bc5 b5 29. Bc2 g6 30. Be4 Ne5 31. f4 Nc4 32.
Bc6 Rd8 33. d7 Kh7 34. dxe8=Q Rxd1+ 35. Kf2 Rd2+ 36. Ke1 1-0

[Event "Early-Titled-Tuesday-Blitz-February-27-2024"]
[Site "Chess.com"]
[Date "2024.02.27"]
[Round "2"]
[White "picturesquecheck"]
[Black "olawsson"]
[Result "1-0"]
[WhiteElo "2478"]
[BlackElo "2130"]
[TimeControl "180+1"]
[EndTime "8:15:08 PST"]
[Termination "picturesquecheck won on time"]

1. e4 d6 2. d4 Nc6 3. Nf3 Nf6 4. Nc3 Bg4 5. Be2 e6 6. Be3 Be7 7. Qd2 O-O 8. h3 Bh5 9. O-O-O Bg6 10. d5 exd5 11. exd5 Nb4 12. Nd4 Nbxd5 13. Bf3 Nxe3 14. fxe3 c6 15. h4 d5 16. h5 Be4 17. Bxe4 Nxe4 18. Nxe4 dxe4 19. Kb1 Bg5 20. Qe2 Qb6 21. h6 g6 22. Qg4 Bxe3 23. Qxe4 Bxd4 24. Rxd4 Rfe8 25. Qf4 c5 26. Rd6 Qb4 27. Qf6 Re1+ 28. Rd1 1-0

[Event "Early-Titled-Tuesday-Blitz-February-27-2024"]
[Site "Chess.com"]
[Date "2024.02.27"]
[Round "2"]
[White "Orest_Vovk"]
[Black "Iunusovnuriddin"]
[Result "1-0"]
[WhiteElo "2572"]
[BlackElo "2351"]
[TimeControl "180+1"]
[EndTime "8:15:10 PST"]
[Termination "Orest_Vovk won by resignation"]

1. h4 e5 2. h5 d5 3. h6 Nxh6 4.
d4 e4 5. Bxh6 gxh6 6. e3 c5 7. Nc3 c4 8. Qh5 Be6 9. Bxc4 Bb4 10.
Bb5+ Nd7 11. Ne2 a6 12. Bxd7+ Qxd7 13. a3 Bf8 14. Nf4 Rd8 15. Qe5 Rg8 16. Ncxd5 Bg7 17.
Nf6+ Bxf6 18. Qxf6 Qc6 19. Rxh6 1-0

[Event "Early-Titled-Tuesday-Blitz-February-27-2024"]
[Site "Chess.com"]
[Date "2024.02.27"]
[Round "2"]
[White "MKlose11"]
[Black "yosephtaher"]
[Result "0-1"]
[WhiteElo "2606"]
[BlackElo "2929"]
[TimeControl "180+1"]
[EndTime "8:15:11 PST"]
[Termination "yosephtaher won by resignation"]

1. e4 c5 2. Nc3 g6 3. g3 Bg7 4.
Bg2 Nc6 5. d3 e5 6. Be3 d6 7.
Qd2 h5 8. h3 Nge7 9. Nge2 Be6 10. O-O Qd7 11. Kh2 f5 12. f4 h4 13. exf5 hxg3+ 14.
Nxg3 Nxf5 15. Nxf5 Bxf5 16. Rf3 O-O-O 17. Nd5 Rh5 18.
Rh1 Be6 19. Nc3 exf4 20. Bxf4 Nd4 21. Re3 Nf5 22. Rf3 Nh4 23. Rg3 Nxg2 24. Qxg2 Rf8 25.
Ne2 Bd5 26. Qf1 g5 27. Rhg1 Be6 28. Qf3 Rfh8 29. Bxg5 Bxh3 30. Nf4 Bg4+ 31. Nxh5 Rxh5+ 32. Kg2 Bxf3+ 33. Kxf3 Be5 34. Rg4 Qf5+ 35. Ke2 Rh2+ 36. R4g2 Qxg5 37. Rxh2 Qxg1 0-1

[Event "Early-Titled-Tuesday-Blitz-February-27-2024"]
[Site "Chess.com"]
[Date "2024.02.27"]
[Round "2"]
[White "only_strong_moves"]
[Black "PoXerStar"]
[Result "1-0"]
[WhiteElo "2657"]
[BlackElo "2393"]
[TimeControl "180+1"]
[EndTime "8:15:13 PST"]
[Termination "only_strong_moves won on time"]

1. d4 d5 2. Nc3 Nf6 3. Bf4 c5 4. e4 cxd4 5. Qxd4 Nc6 6. Bb5 Bd7 7. Bxc6 Bxc6 8. e5 Nd7 9. e6 fxe6 10. Nf3 Qb6 11.
Ne2 Qxd4 12. Nexd4 e5 13. Nxe5 Nxe5 14. Bxe5 Kf7 15.
O-O-O e6 16. Rhe1 Bd7 17. Rd3 Be7 18. Rf3+ Bf6 19. g4 Ke7 20. Bxf6+ gxf6 21. Nf5+ Kf7 22. Nd6+ Kg6 23. Nxb7 h5 24. gxh5+ Rxh5 25. Nc5 Rd8 26. Nxe6 1-0

[Event "Early-Titled-Tuesday-Blitz-February-27-2024"]
[Site "Chess.com"]
[Date "2024.02.27"]
[Round "2"]
[White "Barmen_EV"]
[Black "Kev4444444444"]
[Result "1-0"]
[WhiteElo "2517"]
[BlackElo "2248"]
[TimeControl "180+1"]
[EndTime "8:15:13 PST"]
[Termination "Barmen_EV won by checkmate"]

1. e4 c5 2. Nf3 e6 3. c3 Nf6 4. e5 Nd5 5. Bc4 d6 6. O-O Nc6 7. d4 dxe5 8. dxe5 Be7 9. Qe2 Na5 10. Bb5+ Bd7 11. Rd1 O-O 12. Bxd7 Qxd7 13. c4 Nxc4 14. Qxc4 Rfd8 15. Nc3 Qc6 16. Bg5 Bxg5 17. Nxg5 a6 18. Qh4 h6 19. Nge4 b5 20. Nd6 Nb6 21. Nce4 Nd7 22. Qf4 Rf8 23. Rd3 c4 24. Rg3 Kh7 25.
Nf6+ gxf6 26. Rh3 Kg6 27. Qxh6# 1-0

[Event "Early-Titled-Tuesday-Blitz-February-27-2024"]
[Site "Chess.com"]
[Date "2024.02.27"]
[Round "2"]
[White "HPanesso"]
[Black "Quattroporte300"]
[Result "0-1"]
[WhiteElo "2629"]
[BlackElo "2408"]
[TimeControl "180+1"]
[EndTime "8:15:15 PST"]
[Termination "Quattroporte300 won by resignation"]

1. d4 d5 2. Bf4 c6 3. Nc3 Nf6 4. e3 Qb6 5. Rb1 Bf5 6. Bd3 e6 7. Bxf5 exf5 8. Qd3 g6 9. h4 Bg7 10. Nge2 Nbd7 11. Ng3 h5 12. b4 O-O 13. f3 Rfe8 14. O-O Re6 15. Kh2 Ne8 16. a4 Nd6 17. a5 Qd8 18. Bg5 Qe8 19. Rbe1 b6 20. e4 dxe4 21.
fxe4 fxe4 22. Ncxe4 Nxe4 23. Rxe4 f5 24. Rxe6 Qxe6 25.
c4 Qd6 26. Rd1 Qxb4 27. a6 Qd6 28. d5 Ne5 29. Qb3 Ng4+ 30. Kh3 Nf2+ 31. Kh2 Nxd1 32. Qxd1 cxd5 33. cxd5 Be5 0-1

[Event "Early-Titled-Tuesday-Blitz-February-27-2024"]
[Site "Chess.com"]
[Date "2024.02.27"]
[Round "2"]
[White "Elsa167"]
[Black "giomar27"]
[Result "1-0"]
[WhiteElo "2877"]
[BlackElo "2424"]
[TimeControl "180+1"]
[EndTime "8:15:17 PST"]
[Termination "Elsa167 won by checkmate"]

1. f4 g6 2. g3 Bg7 3. Bg2 d5 4. Nf3 c5 5. O-O Nc6 6. d3 Nf6 7. Qe1 O-O 8. e4 dxe4 9. dxe4 e5 10. f5 gxf5 11. Nh4 fxe4 12. Nc3 Nd4 13. Bg5 Nxc2 14.
Qe2 Nxa1 15. Nxe4 Qd4+ 16. Be3 Bg4 17. Nxf6+ Bxf6 18. Qf2 Qd8 19. Nf5 Bxf5 20. Qxf5 Bg7 21. Be4 Re8 22. Qxf7+ Kh8 23. Qf5 Rf8 24. Qxh7# 1-0

[Event "Early-Titled-Tuesday-Blitz-February-27-2024"]
[Site "Chess.com"]
[Date "2024.02.27"]
[Round "2"]
[White "esrosenberg"]
[Black "GelmanAlexander"]
[Result "0-1"]
[WhiteElo "2412"]
[BlackElo "2740"]
[TimeControl "180+1"]
[EndTime "8:15:17 PST"]
[Termination "GelmanAlexander won by resignation"]

1. d4 Nf6 2. Bg5 c5 3. d5 g6 4. Bxf6 exf6 5. Nc3 f5 6. g3 Bg7 7. Bg2 d6 8. e3 Nd7 9. Nge2 Ne5 10. O-O h5 11. h4 Bd7 12. a4 a6 13. Re1 b5 14. axb5 axb5 15. Rxa8 Qxa8 16. e4 b4 17. Nb1 O-O 18. c3 Qa2 19. cxb4 cxb4 20.
Qd2 fxe4 21. Bxe4 Bg4 22. Nd4 Re8 23. Bg2 Qc4 24. f4 Qxd4+ 25. Qxd4 Nf3+ 26. Bxf3 Bxd4+ 27. Kf1 Bh3+ 0-1

[Event "Early-Titled-Tuesday-Blitz-February-27-2024"]
[Site "Chess.com"]
[Date "2024.02.27"]
[Round "2"]
[White "Fighter008"]
[Black "Chernov_Alexander_A"]
[Result "1-0"]
[WhiteElo "2531"]
[BlackElo "2288"]
[TimeControl "180+1"]
[EndTime "8:15:17 PST"]
[Termination "Fighter008 won by resignation"]

1. b3 e5 2. Bb2 Nc6 3. g3 Nf6 4. Bg2 d5 5. d3 h5 6. Nf3 Bd6 7. Nbd2 Qe7 8. e4 dxe4 9. dxe4 Bg4 10. h3 Be6 11. Qe2 O-O-O 12. O-O h4 13. Nxh4 g5 14.
Nf5 Bxf5 15. exf5 Nb8 16. Nc4 Nbd7 17. a4 e4 18. Rad1 Bc5 19. Ne3 Ne5 20. Nc4 Nxc4 21. Qxc4 e3 22. Rxd8+ Rxd8 23. Bxf6 exf2+ 24. Kh2 Qd6 25. Bxd8 Kxd8 26. Qd3 Ke7 27. Qxd6+ cxd6 28. Rd1 b6 29.
Bf1 Kf6 30. Kg2 Kxf5 31. Bc4 f6 32. Kf3 Ke5 33. c3 f5 34. b4 1-0

[Event "Early-Titled-Tuesday-Blitz-February-27-2024"]
[Site "Chess.com"]
[Date "2024.02.27"]
[Round "2"]
[White "BilodeauA"]
[Black "wild3000"]
[Result "1-0"]
[WhiteElo "3009"]
[BlackElo "2433"]
[TimeControl "180+1"]
[EndTime "8:15:19 PST"]
[Termination "BilodeauA won by resignation"]

1. e4 e6 2. Nf3 d5 3. Nc3 dxe4 4. Nxe4 Nf6 5. Nxf6+ Qxf6 6. d4 Qd8 7. Bd3 Be7 8. O-O Nd7 9. c3 a6 10. Re1 O-O 11. Bf4 Nf6 12. Ne5 c5 13. dxc5 Bxc5 14. Qf3 Qd5 15. Qh3 g6 16. Rad1 Qxa2 17. Bg5 Nh5 18.
g4 Ng7 19. Bf6 Qxb2 20. Re2 Qb6 21. Qh6 Ne8 22. g5 Qc7 23. Re4 Bxf2+ 24. Kxf2 Qc5+ 25.
Kf1 Qxc3 26. Qxh7+ 1-0

[Event "Early-Titled-Tuesday-Blitz-February-27-2024"]
[Site "Chess.com"]
[Date "2024.02.27"]
[Round "2"]
[White "RedFirePanda"]
[Black "Kezin_Roman"]
[Result "0-1"]
[WhiteElo "2547"]
[BlackElo "2785"]
[TimeControl "180+1"]
[EndTime "8:15:26 PST"]
[Termination "Kezin_Roman won by resignation"]

1. d4 g6 2. Bf4 Bg7 3. c3 d6 4. e3 Nf6 5. Nf3 O-O 6. h3 c5 7. Nbd2 cxd4 8. exd4 Nc6 9. Bd3 e5 10. Bh2 e4 11. Nxe4 Nxe4 12. Bxe4 Re8 13. O-O Rxe4 14. d5 Na5 15. Rc1 Nc4 16. b3 Nb6 17. a4 Qf6 18. a5 Nd7 19. Nd2 Re8 20. Nc4 Ne5 21. Bxe5 dxe5 22. d6 Bd7 23. Ne3 Bc6 24. b4 Rad8 25. Nc4 Qe6 26. Ne3 Rxd6 27. Qc2 Red8 28. c4 Rd2 29. Qb3 R8d3 30. Qb1 Rxe3 31.
fxe3 Rxg2+ 0-1

[Event "Early-Titled-Tuesday-Blitz-February-27-2024"]
[Site "Chess.com"]
[Date "2024.02.27"]
[Round "2"]
[White "DonJuanEGenaro"]
[Black "Savagelittlemole"]
[Result "0-1"]
[WhiteElo "2008"]
[BlackElo "2452"]
[TimeControl "180+1"]
[EndTime "8:15:26 PST"]
[Termination "Savagelittlemole won on time"]

1. d4 Nf6 2. Nf3 c5 3. c3 g6 4. Bf4 Bg7 5. e3 O-O 6. Nbd2 d5 7. h3 Nbd7 8. Be2 Re8 9. O-O b6 10. Ne5 Bb7 11. Bb5 a6 12. Bd3 Nh5 13. Nxd7 Nxf4 14.
exf4 Qxd7 15. Nf3 f6 16. Kh2 cxd4 17. cxd4 Rac8 18. Qe2 Qd6 19. g3 e5 20. fxe5 fxe5 21. dxe5 Bxe5 22. Nxe5 Rxe5 23. Qg4 d4 24. b3 b5 25.
Rac1 Rf8 26. Rc2 Bf3 27. Qh4 Rh5 28. Qxh5 gxh5 29. Re1 h4 30. a4 hxg3+ 31. fxg3 Bd5 32. axb5 axb5 33. Bxb5 Qb4 0-1

[Event "Early-Titled-Tuesday-Blitz-February-27-2024"]
[Site "Chess.com"]
[Date "2024.02.27"]
[Round "2"]
[White "yuriydovzik"]
[Black "Schachmalanders"]
[Result "0-1"]
[WhiteElo "2125"]
[BlackElo "2469"]
[TimeControl "180+1"]
[EndTime "8:15:27 PST"]
[Termination "Schachmalanders won on time"]

1. Nf3 c5 2. e3 d5 3. d4 Nf6 4. Ne5 a6 5. Be2 Nbd7 6. f4 e6 7. c3 Be7 8. Nd2 O-O 9. O-O b5 10. g4 Nxe5 11. dxe5 Ne4 12. Nxe4 dxe4 13. g5 Bb7 14. c4 bxc4 15. Bxc4 Bd5 16. b3 Bxc4 17. bxc4 Rb8 18. Qc2 Qd3 19. Qxd3 exd3 20. Rd1 Rfd8 21. Kf2 f6 22. gxf6 gxf6 23. Ba3 fxe5 0-1

[Event "Early-Titled-Tuesday-Blitz-February-27-2024"]
[Site "Chess.com"]
[Date "2024.02.27"]
[Round "2"]
[White "ViktoriyaTarasova"]
[Black "FontVella8"]
[Result "0-1"]
[WhiteElo "2312"]
[BlackElo "2701"]
[TimeControl "180+1"]
[EndTime "8:15:30 PST"]
[Termination "FontVella8 won by resignation"]

1. d4 d5 2. c4 e6 3. Nc3 Nf6 4. cxd5 exd5 5. Bg5 c6 6. Qc2 h6 7. Bh4 Be7 8. e3 O-O 9. Bd3 Re8 10. Nge2 a5 11.
O-O Na6 12. a3 Nc7 13. f3 c5 14. Rae1 c4 15. Bf5 b5 16. e4 Bxf5 17. exf5 b4 18. axb4 axb4 19. Nd1 Nb5 20. Nf2 Qb6 21. Qd2 Ra2 22.
Bxf6 Bxf6 23. Qxb4 Rb8 24. Ra1 Rxa1 25. Rxa1 Nxd4 26.
Qxb6 Nxe2+ 27. Kf1 Rxb6 28. Kxe2 Rxb2+ 29. Kf1 Rxf2+ 0-1